 Dungeon Crawl Stone Soup version 0.28-a0-1038-g9c4cb8273d (webtiles) character file.

Game seed: 12571650199254066249

301 vineage the Skirmisher (level 6, -4/87 HPs)
             Began as a Minotaur Fighter on Dec 8, 2021.
             Killed from afar by an orc wizard (8 damage)
             ... with a magic dart
             ... on level 4 of the Dungeon.
             The game lasted 00:03:04 (2643 turns).

vineage the Skirmisher (Minotaur Fighter)           Turns: 2643, Time: 00:03:05

Health: -4/87      AC: 23    Str: 21    XL:     6   Next: 14%
Magic:  5/5        EV:  2    Int:  7    God:
Gold:   170        SH:  4    Dex:  7    Spells: 5/5 levels left

rFire   . . .      SeeInvis .   h - +7 short sword "Ogesinn" {vorpal, rElec rC+ Int+2 Dex-4}
rCold   + . .      Faith    .   c - +0 buckler
rNeg    . . .      Spirit   .   (armour currently unavailable)
rPois   +          Reflect  .   (helmet currently unavailable)
rElec   +          Harm     .   (cloak currently unavailable)
rCorr   .          Rampage  .   (gloves currently unavailable)
Will    .....      NoTele   +   (boots currently unavailable)
Stlth   +.........              (no amulet)
HPRegen 0.24/turn               (no ring)
MPRegen 0.09/turn               (no ring)

@: lethally poisoned (-4 -> -7), tree-form, hasted, very quick
A: stationary, stasis, torment immunity, boosted hp, (horns 2), (retaliatory
headbutt)
a: no special abilities


You were on level 4 of the Dungeon.
You were a tree.
You visited 1 branch of the dungeon, and saw 4 of its levels.

You collected 170 gold pieces.

Inventory:

Hand Weapons
 a - a +0 flail
 h - the +7 short sword "Ogesinn" (weapon) {vorpal, rElec rC+ Int+2 Dex-4}
   (You found it on level 4 of the Dungeon)

   It inflicts extra damage upon your enemies.
   Int:       It affects your intelligence (+2).
   Dex:       It affects your dexterity (-4).
   rC:        It protects you from cold.
   rElec:     It insulates you from electricity.
Armour
 b - a +0 scale mail (melded)
 c - a +0 buckler (worn)
 g - a +0 pair of boots (melded)
Scrolls
 i - 2 scrolls of teleportation
 j - a scroll of acquirement {unknown}
Potions
 d - a potion of might
 f - a potion of haste
 k - a potion of lignification


   Skills:
 + Level 6.8 Fighting
 - Level 5.3 Maces & Flails
 - Level 3.6 Armour
 - Level 3.6 Shields


You had 5 spell levels left.
You didn't know any spells.
Your spell library contained the following spells:

 Spells                   Type           Power      Damage    Failure   Level
 Summon Small Mammal      Summ           0%         N/A       43%         1
 Passwall                 Tmut/Erth      0%         N/A       58%         2
 Call Canine Familiar     Summ           0%         N/A       82%         3
 Summon Guardian Golem    Hex/Summ       0%         N/A       82%         3
 Swiftness                Air            0%         N/A       82%         3


Dungeon Overview and Level Annotations

Branches:
Dungeon (4/15)
 Temple: D:4-7

Altars:


Innate Abilities, Weirdness & Mutations

You are a tree.
Your roots penetrate the ground, keeping you stationary.
You cannot be teleported.
You are immune to unholy pain and torment.
Your maximum health is greatly increased.
Your equipment is partially melded.
((You have a pair of horns on your head.))
((You reflexively headbutt those who attack you in melee.))


Message History

You are lethally poisoned!
The orc hits you but does no damage.
You feel better.
You hear some strange, mumbled words.
A magic dart appears from out of thin air!
The magic dart hits you.
* * * LOW HITPOINT WARNING * * *
The orc hits you but does no damage.
You feel yourself speed up. Something hits you.
* * * LOW HITPOINT WARNING * * *
You are poisoned.
The orc barely misses you. You furiously retaliate!
You headbutt the orc!
You kill the orc!
You miss something. You headbutt something.
You feel sick.
You hear some strange, mumbled words.
A magic dart appears from out of thin air!
The magic dart hits you.
* * * LOW HITPOINT WARNING * * *
It was a potion of lignification.
You turn into a tree.
Your +0 pair of boots melds into your body.
Your +0 scale mail melds into your body.
Your roots penetrate the ground.
* * * LOW HITPOINT WARNING * * *
You feel sick.
You cannot move.
You cannot move.
You cannot move.
You cannot move.
You cannot move.
You barely miss something.
* * * LOW HITPOINT WARNING * * *
You feel sick. Something hits you but does no damage.
You closely miss something.
* * * LOW HITPOINT WARNING * * *
You feel sick. Something hits you but does no damage.
You closely miss something.
You hear some strange, mumbled words.
A magic dart appears from out of thin air!
The magic dart hits you!
You die...

#....######'#....
#.....#....#...........
#.....#....#...........
#.....#....#.......####
#.....#....#.......#
#.....#....#.......#
#.....#[...#.......#
#....)######.......#
#♣............#
#){...........#
#.............#
#......########
#).....# #.....#######
#..... #..... #.....


There were no monsters in sight!

Vanquished Creatures
  A wyvern zombie (D:4)
  Jessica (D:3)
  An iguana (D:3)
  Terence (D:3)
  A hound skeleton (D:4)
  4 gnolls (D:3)
  5 adders
  3 dart slugs
  2 orcs (D:4)
  4 bats
  5 endoplasms
  2 giant cockroaches
  5 goblins
  4 hobgoblins
  6 jackals (D:1)
  5 quokkas
  11 ball pythons
  2 frilled lizards
  4 kobolds
  3 rats
70 creatures vanquished.

Vanquished Creatures (collateral kills)
  A frilled lizard (D:1)
1 creature vanquished.

Vanquished Creatures (others)
  3 demonic plants (D:2)
  A fungus (D:2)
  4 plants (D:2)
  2 withered plants (D:2)
10 creatures vanquished.

Grand Total: 81 creatures vanquished

Notes
Turn   | Place    | Note
-------+----------+-------------------------------------------
     0 | D:1      | vineage the Minotaur Fighter began the quest for the Orb.
     0 | D:1      | Reached XP level 1. HP: 19/19 MP: 0/0
   173 | D:1      | Reached skill level 4 in Fighting
   211 | D:1      | Reached XP level 2. HP: 20/27 MP: 1/1
   679 | D:1      | Reached XP level 3. HP: 32/34 MP: 2/2
  1003 | D:2      | Found a faded altar of an unknown god.
  1607 | D:3      | Noticed Jessica
  1612 | D:3      | Reached skill level 5 in Fighting
  1612 | D:3      | Reached XP level 4. HP: 37/42 MP: 3/3
  1612 | D:3      | Killed Jessica
  1641 | D:3      | Reached XP level 5. HP: 23/48 MP: 4/4
  1855 | D:3      | Noticed Terence
  1871 | D:3      | Killed Terence
  1872 | D:3      | Reached skill level 5 in Maces & Flails
  2019 | D:3      | Reached skill level 6 in Fighting
  2260 | D:4      | Identified the +7 short sword "Ogesinn" {vorpal, rElec rC+
                  | Int+2 Dex-4}
  2398 | D:4      | Reached XP level 6. HP: 45/58 MP: 5/5
  2642 | D:4      | HP: 4/87 [poisoned by an orc wizard]
  2643 | D:4      | Killed from afar by an orc wizard

Illustrated notes

Levels and vault maps discovered:
D:1:      dpeg_arrival_tiny_a, layout_rooms
D:2:      layout_loops_ring, shapermc_ecumenical_altar_gd
D:3:      layout_rooms, uniq_jessica, uniq_terence
D:4:      layout_gridville, serial_shops, shop, dk_noncrumbling_4, fountainhead

Skill      XL: |  1  2  3  4  5 |
---------------+----------------+-----
Fighting       | 4 5 6 |  6.8
Maces & Flails | 3 4 5 |  5.3
Armour         | |  3.6
Shields        | |  3.6

Action                   |  1- 3 |  4- 6 || total
-------------------------+-------+-------++-------
Melee: Flail             |    82 |    57 ||   139
       Headbutt          |    13 |    14 ||    27
       Short sword       |       |    36 ||    36
  Use: Scroll            |     5 |       ||     5
       Potion            |       |     6 ||     6
Armor: Scale mail        |    34 |    46 ||    80
       Skin              |       |     2 ||     2
Dodge: Dodged            |    40 |    48 ||    88
Block: Buckler           |    19 |    31 ||    50

Table legend: (Time is in decaauts)
 A = Elapsed time spent in this place.
 B = Non-inter-level travel time spent in this place.
 C = Inter-level travel time spent in this place.
 D = Time resting spent in this place.
 E = Time spent auto-exploring this place.
 F = Levels seen in this place.
 G = Mean time per level.
                   A        B        C        D        E       F      G
               +--------+--------+--------+--------+--------+-----+--------+
         Total |   2674 |   2582 |     92 |      0 |   2162 |   4 |  668.5 |
       Dungeon |   2674 |   2582 |     92 |      0 |   2162 |   4 |  668.5 |
               +--------+--------+--------+--------+--------+-----+--------+

Top non-repeatable levels by time:
     D:2: 796 daAuts
     D:1: 794 daAuts
     D:3: 691 daAuts
     D:4: 392 daAuts
